 Dungeon Crawl Stone Soup version 0.28.0-43-g3370ac3207 (webtiles) character file.

Game seed: 10160107076340547295

189 nickcage the Slasher (level 5, -2/45 HPs)
             Began as a Minotaur Fighter on Mar 29, 2022.
             Was an Initiate of Wu Jian.
             Slain by Sigmund
             ... wielding a +4 scythe of venom
              (6 damage)
             ... on level 3 of the Dungeon.
             The game lasted 00:07:27 (3068 turns).

nickcage the Slasher (Minotaur Fighter)             Turns: 3068, Time: 00:07:28

Health: -2/45      AC: 12    Str: 22    XL:     5   Next: 40%
Magic:  4/4        EV:  9    Int:  5    God:    Wu Jian [......]
Gold:   43         SH:  4    Dex: 10    Spells: 4/4 levels left

rFire   . . .      SeeInvis .   a - +1 long sword
rCold   . . .      Faith    .   c - +0 buckler
rNeg    . . .      Spirit   .   b - +0 scale mail
rPois   .          Reflect  .   i - +2 hat
rElec   .          Harm     .   r - +2 cloak
rCorr   .          Rampage  .   (no gloves)
Will    .....                   (no boots)
Stlth   ..........              (no amulet)
HPRegen 0.15/turn               (no ring)
MPRegen 0.09/turn               (no ring)

@: mighty, lethally poisoned (-2 -> -11)
A: horns 2, retaliatory headbutt
a: Renounce Religion


You were on level 3 of the Dungeon.
You worshipped Wu Jian.
Wu Jian was noncommittal.
You visited 1 branch of the dungeon, and saw 3 of its levels.

You collected 98 gold pieces.
You spent 55 gold pieces at shops.

Inventory:

Hand Weapons
 a - a +1 long sword (weapon)
Missiles
 l - 7 poisoned darts (quivered)
Armour
 b - a +0 scale mail (worn)
 c - a +0 buckler (worn)
 i - a +2 hat (worn)
 r - a +2 cloak (worn)
Wands
 f - a wand of flame (16)
Scrolls
 e - a scroll of amnesia
 j - a scroll of fear
 k - a scroll of identify
 m - a scroll of teleportation
 s - a scroll of magic mapping {unknown}
Potions
 g - 2 potions of curing
 h - a potion of mutation {unknown}
 o - a potion of invisibility
 q - a potion of flight
 t - a potion of heal wounds


   Skills:
 - Level 3.6 Fighting
 + Level 6.9 Long Blades
 - Level 3.6 Armour
 - Level 3.6 Shields


You had 4 spell levels left.
You didn't know any spells.
Your spell library was empty.

Dungeon Overview and Level Annotations

Branches:
Dungeon (3/15)

Altars:
Wu Jian

Shops:
D:2 [   D:3 *[(

Annotations:
D:3 Sigmund


Innate Abilities, Weirdness & Mutations

You have a pair of horns on your head.
You reflexively headbutt those who attack you in melee.


Message History

You feel less confused.
Sigmund hits you with a +4 scythe of venom!
You are poisoned.
You barely miss Sigmund. Your headbutt misses Sigmund.
You feel very sick. Sigmund gestures at you while chanting.
The magic dart hits you.
You closely miss Sigmund. Your headbutt misses Sigmund.
You feel very sick. Sigmund barely misses you.
You closely miss Sigmund.
You feel sick.
You closely miss Sigmund.
You feel sick.
Sigmund hits you with a +4 scythe of venom.
You are too injured to fight recklessly!
You are too injured to fight recklessly!
You are too injured to fight recklessly!
You hit Sigmund. You headbutt Sigmund!
Sigmund is severely wounded.
You feel sick.
Sigmund gestures wildly while chanting.
Sigmund flickers and vanishes!
Deactivating autopickup; reactivate with Ctrl-A.
You barely miss something.
You feel sick. Something hits you but does no damage.
You are more poisoned.
You closely miss something. Your headbutt misses something.
You feel very sick. Something hits you.
* * * LOW HITPOINT WARNING * * *
You barely miss something.
* * * LOW HITPOINT WARNING * * *
You feel very sick.
You miss something.
You feel sick. Something hits you.
* * * LOW HITPOINT WARNING * * *
You are more poisoned.
You closely miss something. Your headbutt misses something.
* * * LOW HITPOINT WARNING * * *
You feel very sick. Something hits you.
You die...

#.# #.# #.# ###.#####
#.# ........# #.#
###.###.# #.# ###.#
#.# #.# ....###.# #.#
......#.#########{###
....#.#.........@...#
###.#.###############
......###.......#
#####.........#.#
.....#.##.###.#.#
.....≈..#.# #.#.#
≈...≈.≈#..# #.#.#
.≈.≈.≈..#.# #.#.#
≈.≈.≈...#.# #.#.#


There were no monsters in sight!

Vanquished Creatures
  Crazy Yiuf (D:3)
  Ijyb (D:3)
  3 adders
  4 gnolls
  3 dart slugs
  2 orcs
  8 ball pythons
  6 endoplasms
  2 giant cockroaches
  2 goblins (D:2)
  8 hobgoblins
  2 jackals (D:1)
  3 kobolds
  A quokka (D:2)
  8 bats
  5 frilled lizards
  5 rats
64 creatures vanquished.

Notes
Turn   | Place    | Note
-------+----------+-------------------------------------------
     0 | D:1      | nickcage the Minotaur Fighter began the quest for the Orb.
     0 | D:1      | Reached XP level 1. HP: 19/19 MP: 0/0
   167 | D:1      | Reached skill level 3 in Long Blades
   211 | D:1      | Reached XP level 2. HP: 23/26 MP: 1/1
   404 | D:1      | Reached skill level 4 in Long Blades
   445 | D:1      | Reached XP level 3. HP: 21/31 MP: 2/2
  1405 | D:2      | Reached skill level 5 in Long Blades
  1419 | D:2      | Reached XP level 4. HP: 32/39 MP: 3/3
  1533 | D:2      | Found Getwuaz's Antique Armour Shoppe.
  2186 | D:3      | Found an ornate altar of the Wu Jian Council.
  2187 | D:3      | Noticed Ijyb
  2199 | D:3      | Killed Ijyb
  2200 | D:3      | Reached skill level 6 in Long Blades
  2302 | D:3      | Became a worshipper of the Wu Jian Council
  2333 | D:3      | Reached XP level 5. HP: 45/45 MP: 4/4
  2557 | D:3      | Found a runed translucent door.
  2558 | D:3      | Noticed Crazy Yiuf
  2567 | D:3      | Killed Crazy Yiuf
  2881 | D:3      | Found Zaogism Vetu's General Store.
  2884 | D:3      | Bought a potion of heal wounds for 55 gold pieces
  2889 | D:3      | Found Niyt Esmua's Antique Armour Boutique.
  2889 | D:3      | Found a faded altar of an unknown god.
  2987 | D:3      | Found Wuus's Antique Weapon Shoppe.
  3052 | D:3      | Noticed Sigmund
  3068 | D:3      | Slain by Sigmund

Illustrated notes

Levels and vault maps discovered:
D:1:      minmay_arrival_widening_spiral_wide, layout_basic
D:2:      kennysheep_six_static_rooms, layout_loops_ring, serial_shops, shop
D:3:      layout_basic, nicolae_wu_jian_wuxing_cycle, serial_shops,
          nicolae_shop_hallway_plus, shop, nicolae_shop_behind_doors,
          shapermc_ecumenical_altar_starsandcircs, uniq_sigmund,
          uniq_crazy_yiuf_cottage, uniq_ijyb

Skill      XL: |  1  2  3  4 |
---------------+-------------+-----
Long Blades    | 3 4 5 6 |  6.9
Fighting       | |  3.6
Armour         | |  3.6
Shields        | |  3.6

Action                   |  1- 3 |  4- 6 || total
-------------------------+-------+-------++-------
Melee: Long sword        |    61 |   100 ||   161
       Headbutt          |     3 |     9 ||    12
  Use: Scroll            |     2 |     9 ||    11
       Potion            |       |     1 ||     1
Armor: Scale mail        |    22 |    37 ||    59
Dodge: Dodged            |    25 |    34 ||    59
Block: Buckler           |    11 |    13 ||    24
